 Dungeon Crawl Stone Soup version 0.21.1-1-g345015f (webtiles) character file.

15 inc the Magician (level 2, -2/11 HPs)
             Began as a Felid Wizard on Feb 22, 2018.
             Slain by a hobgoblin
             ... wielding a +0 club
              (5 damage)
             ... on level 1 of the Dungeon.
             The game lasted 00:01:14 (715 turns).

inc the Magician (Felid Wizard)                      Turns: 715, Time: 00:01:15

Health: -2/11      AC:  1    Str:  3    XL:     2   Next: 34%
Magic:  1/7        EV: 17    Int: 19    God:
Gold:   28         SH:  0    Dex: 14    Spells: 4/7 levels left
                                        Lives:  0   Deaths: 0

rFire    . . .     SeeInvis +     - Unarmed
rCold    . . .     Gourm    .   (shield unavailable)
rNeg     . . .     Faith    .   (armour unavailable)
rPois    .         Spirit   .   (helmet unavailable)
rElec    .         Reflect  .   (cloak unavailable)
rCorr    .         Harm     .   (gloves unavailable)
MR       .....                  (boots unavailable)
Stlth    +++.......             (no amulet)
HPRegen  0.03/turn              (no ring)
MPRegen  0.10/turn              (no ring)

@: very slightly contaminated, quick
A: very small, no armour, no weapons or thrown items, stealth, claws 1, fangs 3,
see invisible, carnivore, speed 1, shaggy fur 1, slow metabolism 1, sharp paws
a: no special abilities


You were on level 1 of the Dungeon.
You were full.

You visited 1 branch of the dungeon, and saw 1 of its levels.

You collected 28 gold pieces.

Inventory:

Scrolls
 c - a scroll of amnesia {unknown}
 d - 2 scrolls of blinking {unknown}
 g - a scroll of remove curse {unknown}
 h - a scroll of identify {unknown}
 i - a scroll of enchant weapon {unknown}
Potions
 e - a potion of curing {unknown}
 f - a potion of flight {unknown}
 j - a potion of resistance {unknown}
Books
 a - a book of Minor Magic

   Spells                             Type                      Level
   a - Magic Dart                     Conjuration                  1
   b - Blink                          Translocation                2
   c - Call Imp                       Summoning                    2
   d - Slow                           Hexes                        2
   e - Conjure Flame                  Conjuration/Fire             3
   f - Mephitic Cloud                 Conjuration/Poison/Air       3
Comestibles
 b - a ration


   Skills:
 - Level 2.6 Dodging
 - Level 2.6 Stealth
 + Level 1.8 Unarmed Combat
 - Level 3.0 Spellcasting
 - Level 1.1 Conjurations
 - Level 1.0 Summonings
   Level 1.5 Translocations


You had 4 spell levels left.
You knew the following spells:

 Your Spells              Type           Power        Failure   Level  Hunger
a - Magic Dart            Conj           #...         10%         1    None
b - Call Imp              Summ           #.......     16%         2    ##.....


Dungeon Overview and Level Annotations

Branches:
Dungeon (1/15)

Altars:


Innate Abilities, Weirdness & Mutations

You cannot wear armour.
You are incapable of wielding weapons or throwing items.
Your paws allow you to move quietly. (Stealth)
You have sharp claws.
You have razor-sharp teeth.
You have supernaturally acute eyesight. (SInv)
You are carnivorous and can eat meat at any time.
You cover ground quickly.
You are covered in fur. (AC +1)
You have a slow metabolism.
Your sharp claws are effective at attacking unaware monsters.


Message History

You miscast Magic Dart.
Your skin glows momentarily.
The hobgoblin barely misses you.
Casting: Magic Dart
Confirm with . or Enter, or press ? or * to list all spells.
Aiming: Magic Dart
Press: ? - help, Shift-Dir - straight line, f/p - hobgoblin
Aim: a hobgoblin, wielding a club The magic dart hits the hobgoblin.
The hobgoblin is moderately wounded.
The hobgoblin hits you with a club!
Ouch! That really hurt!
* * * LOW HITPOINT WARNING * * *
Casting: Magic Dart
Confirm with . or Enter, or press ? or * to list all spells.
Aiming: Magic Dart
Press: ? - help, Shift-Dir - straight line, f/p - hobgoblin
Aim: a hobgoblin, wielding a club (moderately wounded)
You miscast Magic Dart.
Strange energies run through your body. The hobgoblin hits you with a club.
You die...

##......##.#....#.........#.###.#
..........#.#...#........[#......
...........##...#..#...#..#.###.#
.............#..#.........#.# #.#
....................≈.≈§....# #.#
####.##########.#..#.8.#†.#.# #.#
................#.........#.# #..
###############.####+#+####.# ###
#.@g.+.#.')'..# ##.###.#.######
#...#.#.# ###.....# #######


You could see a hobgoblin.

Vanquished Creatures
  2 dart slugs (D:1)
  A giant cockroach (D:1)
  2 goblins (D:1)
  A hobgoblin (D:1)
  A kobold (D:1)
  A bat (D:1)
  A frilled lizard (D:1)
  2 rats (D:1)
11 creatures vanquished.

Notes
Turn   | Place    | Note
-------+----------+-------------------------------------------
     0 | D:1      | inc the Felid Wizard began the quest for the Orb.
     0 | D:1      | Reached XP level 1. HP: 7/7 MP: 5/5
     3 | D:1      | Reached skill level 1 in Conjurations
   156 | D:1      | Reached skill level 1 in Unarmed Combat
   468 | D:1      | Reached XP level 2. HP: 11/11 MP: 2/7
   484 | D:1      | Learned a level 2 spell: Call Imp
   715 | D:1      | Slain by a hobgoblin

Skill      XL: |  1 |
---------------+----+-----
Conjurations   | 1 |  1.1
Unarmed Combat | 1 |  1.8
Dodging        | |  2.6
Stealth        | |  2.6
Spellcasting   | |  3.0
Summonings     | |  1.0
Translocations | |  1.5

Action                   || total
-------------------------++-------
Melee: Unarmed           ||     8
 Cast: Magic Dart        ||    31
  Eat: Chunk             ||     4
Dodge: Dodged            ||    13
